Map: Vigía EE

Players

TATORREA

  • Race: Protoss Protoss
  • League: Silver
  • Spawn Location: 9:00

MrFercho

  • Race: Zerg Zerg
  • League: Silver
  • Spawn Location: 9:00

tigro

  • Race: Terran Terran
  • League: Bronze
  • Spawn Location: 12:00

getgot

  • Race: Protoss Protoss
  • League: Bronze
  • Spawn Location: 6:00

Angry

  • Race: Zerg Zerg
  • Spawn Location: 5:00

ploe

  • Race: Zerg Zerg
  • Spawn Location: 5:00

VOD

Have the link to the VOD?

Description

Time

  • Played on: June 23, 2020, 7:25 p.m.
  • Length: 10:45
Show
View Real Time Build Order
Export as new Build Order

TATORREA Protoss 

Build Orders:  

Get SALT Encoding   

  12  0:01  Probe  
  13  0:14  Probe  
  14  0:21  Pylon  
  14  0:26  Probe  
  15  0:39  Probe  
  15  0:42  Gateway  
  16  0:51  Probe  
  17  1:01  Gateway  
  17  1:03  Probe  
  18  1:08  Assimilator  
  18  1:14  Pylon  
  18  1:15  Probe  
  19  1:27  Probe  
  20  1:34  Cybernetics Core  
  20  1:40  Probe  
  21  1:52  Probe  
  22  2:00  Assimilator  
  22  2:04  Probe  
  22  2:06  Pylon  
  23  2:16  Probe  
  23  2:17  Warp Gate  
  24  2:28  Probe  
  25  2:38  Stalker  
  25  2:42  Stalker  
  29  2:54  Nexus  
  29  2:56  Pylon  
  29  2:57  Probe  
  30  2:59  Pylon  
  30  3:05  Probe  
  31  3:13  Probe  
  31  3:18  Stalker  
  34  3:23  Stalker  
  34  3:24  Probe  
  37  3:39  Probe  
  38  3:51  Probe  
  39  4:00  Probe  
  39  4:01  Robotics Facility  
  39  4:02  Gateway  
  39  4:08  Probe  
  40  4:10  Probe  
  40  4:12  Stalker  
  40  4:13  Stalker  
  46  4:21  Probe  
  46  4:23  Twilight Council, Probe  
  48  4:33  Probe  
  48  4:34  Assimilator  
  48  4:36  Probe  
  48  4:38  Assimilator  
  50  4:44  Stalker  
  52  4:45  Probe  
  52  4:48  Stalker, Probe  
  56  4:57  Probe  
  57  5:00  Immortal, Probe  
  62  5:10  Probe  
  62  5:12  Probe  
  64  5:19  Stalker x2  
  64  5:21  Stalker  
  70  6:29  Charge, Pylon  
  70  6:33  Nexus  
  70  6:36  Pylon x2  
  70  6:39  Pylon  
  70  6:41  Forge  
  70  6:44  Forge  
  70  6:47  Forge, Probe x2, Observer  
  70  6:48  Pylon  
  73  6:56  Pylon  
  73  6:59  Pylon, Probe x2  
  75  7:05  Protoss Ground Weapons Level 1  
  75  7:06  Protoss Ground Armor Level 1  
  75  7:08  Immortal  
  75  7:10  Protoss Shields Level 1  
  75  7:11  Probe x2  
  75  7:12  Stalker x2  
  75  7:13  Stalker  
  87  7:23  Probe x2  
  89  7:35  Probe x2  
  91  7:37  Stargate  
  91  7:39  Stargate  
  91  7:40  Stargate  
  91  7:43  Robotics Bay  
  91  7:47  Probe x2  
  91  7:48  Immortal  
  97  7:54  Probe  
  98  7:59  Probe  
  98  8:00  Probe  
  100  8:06  Photon Cannon, Probe  
  100  8:10  Photon Cannon  
  100  8:11  Photon Cannon  
  101  8:16  Photon Cannon  
  101  8:20  Photon Cannon  
  93  8:39  Stalker x2  
  93  8:40  Stalker  
  79  8:42  Colossus  
  79  8:45  Void Ray x2  
  79  8:46  Void Ray  
  70  9:24  Stalker x2  
  67  9:25  Stalker  
  57  9:43  Colossus  
Show
View Real Time Build Order
Export as new Build Order

MrFercho Zerg 

Build Orders: Hatch First, Lurkers, Roach Hydra 

Get SALT Encoding   

  12  0:01  Drone  
  13  0:16  Overlord  
  13  0:26  Drone  
  14  0:34  Drone x2  
  16  0:55  Hatchery  
  16  0:56  Drone  
  16  1:00  Drone  
  17  1:16  Spawning Pool  
  17  1:18  Drone  
  17  1:24  Drone  
  17  1:25  Drone  
  19  1:36  Drone  
  20  1:42  Drone  
  21  1:50  Extractor  
  20  1:59  Drone  
  21  2:06  Overlord, Queen  
  21  2:07  Queen  
  25  2:10  Overlord  
  25  2:19  Drone x2  
  27  2:27  Drone  
  27  2:28  Drone  
  29  2:41  Extractor  
  29  2:42  Drone x2  
  30  2:53  Lair  
  30  2:54  Queen  
  32  3:07  Drone x4  
  36  3:23  Drone x2  
  38  3:46  Extractor  
  38  3:48  Drone x7  
  38  3:55  Overlord x3  
  44  4:33  Drone x6  
  44  4:36  Extractor  
  49  4:39  Roach Warren  
  49  4:44  Evolution Chamber  
  47  4:51  Evolution Chamber  
  47  4:52  Drone  
  47  4:53  Drone x4  
  51  5:00  Drone x3  
  51  5:02  Drone  
  55  5:13  Drone  
  56  5:15  Hydralisk Den  
  56  5:16  Drone x2  
  57  5:21  Drone x5  
  62  5:33  Zerg Ground Armor Level 1, Zerg Missile Weapons Level 1  
  62  5:44  Drone  
  62  5:45  Drone x2  
  62  5:48  Muscular Augments  
  65  5:54  Lurker Den  
  64  6:20  Roach  
  64  6:21  Roach  
  64  6:22  Overlord x5  
  64  6:24  Hatchery  
  64  6:25  Glial Reconstitution  
  67  6:27  Extractor  
  67  6:28  Extractor  
  65  6:47  Roach x5  
  65  6:48  Roach x3  
  81  6:58  Spine Crawler  
  81  6:59  Grooved Spines  
  80  7:11  Spine Crawler  
  80  7:13  Drone x4  
  83  7:19  Overlord  
  83  7:28  Spire  
  82  7:31  Infestation Pit  
  82  7:35  Overseer  
  81  7:38  Overseer  
  81  7:43  Drone x8  
  89  8:11  Drone x7  
  89  8:12  Drone x4  
  100  8:13  Drone  
  100  8:17  Hydralisk  
  101  8:32  Hydralisk x4  
  105  8:45  Lurker  
  90  8:50  Hive  
  90  8:52  Hydralisk  
  90  8:53  Hydralisk x6  
  83  9:14  Hydralisk x5  
  65  9:40  Lurker  
  65  9:41  Lurker  
  57  9:50  Hydralisk x4  
  62  9:59  Lurker x3  
  40  10:07  Overseer  
  40  10:16  Hatchery  
  40  10:17  Hatchery  
Show
View Real Time Build Order
Export as new Build Order

tigro Terran 

Build Orders:  

Get SALT Encoding   

  12  0:02  SCV  
  13  0:15  SCV  
  14  0:27  Supply Depot, SCV  
  15  0:37  Refinery  
  15  0:49  SCV  
  16  0:55  Barracks  
  16  1:01  SCV  
  17  1:07  Refinery  
  17  1:13  SCV  
  18  1:20  Supply Depot  
  18  1:25  SCV  
  19  1:37  SCV  
  20  1:44  Marine  
  21  1:50  SCV  
  22  2:02  Marine, SCV  
  22  2:06  Barracks  
  24  2:14  SCV  
  25  2:19  Marine  
  26  2:24  Engineering Bay  
  26  2:27  SCV  
  27  2:37  Marine  
  27  2:42  Orbital Command  
  28  2:55  Marine, Factory  
  28  2:57  Barracks Tech Lab  
  29  3:22  Barracks Reactor  
  29  3:33  Terran Infantry Weapons Level 1  
  29  3:36  Command Center  
  29  3:42  Factory Tech Lab  
  29  3:51  Starport  
  29  4:03  Combat Shield  
  29  4:26  Siege Tank  
  32  4:45  Refinery  
  32  4:50  Refinery  
  32  4:51  SCV  
  33  5:03  SCV  
  34  5:12  Medivac  
  36  5:15  Marine, SCV  
  36  5:16  Marine x2  
  40  5:22  Stimpack  
  40  5:27  Terran Infantry Armor Level 1  
  40  5:28  SCV  
  41  5:30  Armory  
  41  5:33  Marine x3  
  44  5:40  SCV  
  45  5:51  Marine  
  45  5:52  SCV  
  47  5:57  Starport Tech Lab  
  48  6:04  SCV  
  48  6:16  SCV  
  49  6:19  Fusion Core  
  49  6:27  Thor  
  49  6:28  SCV  
  49  6:31  Terran Vehicle Weapons Level 1  
  56  7:02  Concussive Shells  
  56  7:03  Marine x3  
  59  7:09  Starport, SCV  
  60  7:21  Marine x2, Hi-Sec Auto Tracking  
  62  7:49  Starport Tech Lab  
  62  7:51  Supply Depot  
  62  8:00  Weapon Refit  
  62  8:13  Supply Depot, Marine x3, SCV  
  62  8:18  Neosteel Armor  
  51  8:26  Terran Ship Weapons Level 1  
  43  8:27  Medivac  
  43  8:30  Marine x3  
  48  8:38  Supply Depot, Planetary Fortress  
  48  8:48  Marine x3  
  51  8:58  Medivac  
  53  9:06  Marine x3  
  56  9:24  Marine x3  
  54  9:40  Rapid Reignition System  
  54  9:42  Marine x3  
  60  10:00  Marine x3  
  63  10:17  Marine x3  
Show
View Real Time Build Order
Export as new Build Order

getgot Protoss 

Build Orders:  

Get SALT Encoding   

  13  0:07  Probe  
  13  0:17  Pylon  
  13  0:28  Probe  
  14  0:38  Assimilator  
  14  0:40  Probe  
  15  0:52  Probe  
  15  0:56  Forge  
  16  1:04  Probe  
  17  1:16  Probe  
  18  1:23  Pylon  
  18  1:28  Probe  
  19  1:40  Probe  
  19  1:43  Gateway  
  20  1:49  Gateway  
  20  1:52  Probe  
  20  1:53  Assimilator  
  21  2:23  Probe  
  22  2:35  Probe  
  23  2:37  Nexus  
  23  2:47  Cybernetics Core  
  23  2:52  Zealot x2  
  23  2:54  Probe  
  28  3:06  Probe  
  28  3:12  Assimilator  
  29  3:18  Probe  
  29  3:19  Assimilator  
  30  3:30  Probe  
  31  3:39  Warp Gate  
  31  3:49  Probe, Zealot x2  
  36  4:01  Probe  
  37  4:11  Pylon, Probe  
  37  4:13  Probe  
  37  4:16  Protoss Ground Weapons Level 1  
  39  4:23  Stalker x2, Probe  
  44  4:25  Probe  
  45  4:35  Probe  
  45  4:37  Probe  
  47  4:47  Probe  
  47  4:48  Robotics Facility  
  47  4:49  Probe  
  49  4:59  Probe  
  50  5:16  Pylon  
  50  5:19  Pylon  
  50  5:23  Pylon  
  50  5:33  Protoss Air Weapons Level 1  
  50  5:40  Stargate  
  50  5:50  Stargate  
  50  5:58  Stalker x2  
  54  6:24  Protoss Ground Armor Level 1  
  54  6:27  Stalker  
  54  6:28  Stalker  
  58  6:42  Immortal  
  62  7:21  Immortal  
  66  7:29  Stalker x2  
  70  7:55  Robotics Facility  
  70  8:00  Immortal  
  74  8:16  Fleet Beacon  
  74  8:22  Stalker  
  76  8:50  Nexus  
  76  9:38  Immortal  
  76  9:40  Immortal  
  71  10:00  Probe x2  
  72  10:12  Probe x2  
  74  10:14  Assimilator  
  74  10:19  Assimilator  
  82  10:24  Probe x3  
  85  10:36  Robotics Bay  
Show
View Real Time Build Order
Export as new Build Order

Angry Zerg 

Build Orders: Hatch First 

Get SALT Encoding   

  12  0:01  Drone  
  13  0:13  Overlord  
  13  0:18  Drone  
  14  0:31  Drone  
  14  0:32  Drone  
  16  0:52  Hatchery  
  16  0:55  Drone  
  16  0:59  Drone  
  16  1:03  Drone  
  18  1:18  Spawning Pool  
  18  1:21  Drone  
  18  1:24  Drone  
  19  1:30  Extractor  
  19  1:31  Drone  
  19  1:40  Overlord  
  19  1:51  Drone  
  20  2:04  Drone  
  20  2:06  Queen x2  
  25  2:08  Overlord  
  27  2:15  Drone x2  
  27  2:24  Drone  
  27  2:26  Drone  
  29  2:34  Drone  
  30  2:37  Drone  
  30  2:41  Queen  
  33  2:49  Drone x2  
  35  2:57  Drone  
  36  3:07  Overlord  
  36  3:10  Drone  
  36  3:11  Hatchery  
  36  3:14  Drone  
  36  3:16  Drone x2  
  39  3:22  Lair  
  39  3:39  Drone  
  39  3:40  Drone x6  
  46  3:50  Overlord  
  46  3:52  Drone  
  47  3:56  Extractor  
  47  3:57  Extractor  
  45  4:03  Drone x3  
  45  4:05  Drone x2  
  50  4:11  Extractor  
  50  4:12  Drone x3  
  50  4:14  Drone  
  50  4:15  Queen  
  55  4:26  Drone x4  
  59  4:40  Hydralisk Den  
  59  4:42  Drone x3  
  59  4:43  Evolution Chamber, Drone x5  
  59  4:44  Evolution Chamber  
  64  4:47  Drone x2  
  64  4:52  Overlord  
  66  5:12  Hydralisk  
  66  5:13  Hydralisk x3  
  74  5:15  Overlord x3  
  74  5:18  Zerg Missile Weapons Level 1  
  74  5:20  Zerg Ground Armor Level 1  
  74  5:21  Grooved Spines  
  74  5:27  Extractor  
  73  5:29  Extractor  
  73  5:31  Drone x2  
  74  5:40  Hydralisk x5  
  74  5:41  Hydralisk  
  86  5:46  Drone x3  
  86  5:47  Drone  
  90  5:51  Hatchery  
  90  5:54  Overlord x2  
  89  5:57  Overseer  
  89  6:03  Overlord x4  
  89  6:21  Queen x2  
  93  6:26  Hydralisk x2  
  93  6:27  Hydralisk x5  
  93  6:30  Drone x2  
  109  6:33  Muscular Augments  
  109  6:49  Hydralisk x6  
  109  6:50  Hydralisk x2  
  109  6:53  Drone x3  
  128  6:54  Drone  
  129  7:02  Drone x2  
  131  7:12  Unknown, Pneumatized Carapace  
  131  7:13  Hydralisk  
  131  7:14  Hydralisk x5  
  142  7:16  Drone  
  142  7:17  Drone  
  144  7:27  Overlord x4  
  144  7:37  Zerg Ground Armor Level 2  
  144  7:38  Zerg Missile Weapons Level 2  
  144  7:56  Hydralisk  
  144  7:57  Hydralisk x7  
  144  7:58  Overlord x2  
  160  8:04  Queen  
  162  8:10  Drone x7  
  162  8:11  Drone  
  160  8:37  Hydralisk  
  160  8:38  Hydralisk x13  
  160  8:39  Hydralisk  
  164  9:08  Hydralisk x2  
  164  9:09  Hydralisk x7  
  182  9:10  Overlord x4  
  182  9:11  Overlord  
  182  9:18  Infestation Pit  
  181  9:42  Hatchery  
  180  9:49  Hydralisk x7  
  180  9:50  Hydralisk x3  
  200  10:17  Hatchery  
Show
View Real Time Build Order
Export as new Build Order

ploe Zerg 

Build Orders: Hatch First 

Get SALT Encoding   

  12  0:02  Drone  
  13  0:12  Overlord  
  13  0:19  Drone  
  14  0:31  Drone  
  14  0:32  Drone  
  16  0:39  Drone  
  17  0:56  Hatchery, Drone  
  17  1:10  Spawning Pool  
  16  1:19  Extractor  
  16  1:21  Drone x2  
  17  1:26  Overlord  
  17  1:44  Drone  
  17  1:45  Drone  
  19  1:54  Drone  
  19  1:59  Queen  
  22  2:08  Queen  
  22  2:10  Overlord  
  22  2:14  Drone  
  25  2:15  Drone  
  26  2:23  Drone  
  26  2:26  Drone  
  28  2:31  Drone  
  29  2:37  Drone  
  29  2:44  Drone  
  31  2:48  Drone  
  32  2:54  Drone  
  33  3:01  Drone  
  33  3:03  Queen  
  36  3:11  Evolution Chamber  
  35  3:13  Hatchery, Evolution Chamber, Drone  
  34  3:23  Roach Warren  
  34  3:25  Lair  
  33  3:29  Drone  
  33  3:30  Drone  
  33  3:32  Drone  
  36  3:38  Drone x2  
  38  3:43  Overlord  
  38  3:53  Drone x5  
  43  4:02  Overlord  
  43  4:07  Extractor  
  43  4:09  Extractor  
  41  4:11  Extractor  
  40  4:17  Drone x4  
  40  4:18  Drone x3  
  47  4:25  Zerg Missile Weapons Level 1  
  47  4:26  Zerg Ground Armor Level 1  
  47  4:33  Infestation Pit  
  46  4:48  Drone x6  
  52  4:53  Zergling x2, Roach  
  52  4:54  Roach  
  57  5:03  Hydralisk Den, Roach x2  
  57  5:05  Overlord x2  
  60  5:17  Drone x2  
  60  5:20  Extractor  
  61  5:22  Extractor  
  61  5:26  Glial Reconstitution  
  60  5:30  Hive  
  60  5:33  Grooved Spines  
  60  5:47  Drone x7  
  60  5:48  Drone x2  
  69  6:15  Roach  
  69  6:16  Roach  
  69  6:17  Overlord x4  
  73  6:25  Zerg Missile Weapons Level 2  
  73  6:26  Zerg Ground Armor Level 2  
  73  6:39  Drone  
  74  6:44  Muscular Augments  
  74  6:48  Roach  
  74  6:49  Roach x10  
  74  6:50  Roach  
  98  7:16  Drone x3  
  98  7:17  Spine Crawler  
  98  7:20  Drone x2  
  102  7:34  Hatchery  
  101  7:39  Roach x2  
  101  7:40  Overlord  
  101  7:41  Overlord x8  
  105  7:55  Lurker Den  
  104  7:59  Drone x5  
  104  8:00  Drone x3  
  112  8:08  Roach  
  112  8:09  Roach x5  
  124  8:28  Overseer x3  
  124  8:29  Overseer x2  
  123  8:51  Roach  
  123  8:52  Roach x18  
  123  8:54  Ravager x2  
  123  8:55  Ravager x7  
  168  8:56  Ravager x2  
  164  9:40  Hydralisk  
  164  9:41  Hydralisk x8  
  176  9:57  Zergling x2, Roach  
  176  9:58  Roach  
Tags
 
Add a new tag
Caveats
  • Supply blocks, unpowered buildings, or Contaminate may cause inaccurate times.
  • Supply counts are checked every 10 seconds.